 Dungeon Crawl Stone Soup version 0.30-a0-269-gf0224bf7b6 (webtiles) character file.

Game seed: 7749718731991109621

296 koil the Sneak (level 6, -3/30 HPs)
             Began as a Spriggan Enchanter on Oct 14, 2022.
             Slain by a kobold brigand
             ... wielding a +0 dagger
              (7 damage)
             ... in a sewer.
             The game lasted 00:09:36 (2958 turns).

koil the Sneak (Spriggan Enchanter)                 Turns: 2958, Time: 00:09:37

Health: -3/30      AC:  3    Str:  4    XL:     6   Next: 12%
Magic:  11/13      EV: 19    Int: 16    God:
Gold:   142        SH:  0    Dex: 18    Spells: 8/13 levels left

rFire   . . .      SeeInvis +    y - +2 short sword (flame)
rCold   . . .      Faith    .    (no shield)
rNeg    . . .      Spirit   .    b - +0 robe
rPois   .          Reflect  .    (helmet restricted)
rElec   .          Harm     .    r - +0 cloak
rCorr   .          Rampage  .    (gloves unavailable)
Will    +....                    (boots unavailable)
Stlth   +++.......               (no amulet)
HPRegen 0.25/turn                (no ring)
MPRegen 0.13/turn                (no ring)

@: lethally poisoned (-3 -> -4), very slightly contaminated, very quick
A: very small, no large weapons, unfitting armour, see invisible, speed 3
a: no special abilities


You were in a sewer.
You visited 1 branch of the dungeon, and saw 3 of its levels.
You also visited: Sewer.

You collected 142 gold pieces.

Inventory:

Hand Weapons
 a - a +1 dagger
 y - a +2 short sword of flaming (weapon)
Missiles
 w - 4 poisoned darts (quivered)
 x - a curare-tipped dart
Armour
 b - a +0 robe (worn)
 i - a scarf of resistance
 r - a +0 cloak (worn)
 t - a +0 cloak
Jewellery
 f - a ring of flight
 h - an amulet of reflection
 q - a ring of wizardry
Scrolls
 d - 3 scrolls of identify {unknown}
 e - 3 scrolls of enchant armour {unknown}
 g - 2 scrolls of teleportation {unknown}
 l - a scroll of magic mapping {unknown}
 m - 2 scrolls of fog {unknown}
 p - 2 scrolls of amnesia {unknown}
Potions
 c - 4 potions of invisibility
 j - 2 potions of attraction {unknown}
 k - a potion of curing {unknown}
 n - a potion of degeneration {unknown}
 o - a potion of lignification {unknown}
 s - a potion of berserk rage {unknown}
 u - 2 potions of brilliance {unknown}
 v - a potion of might {unknown}
 z - 2 potions of mutation {unknown}
 A - a potion of heal wounds {unknown}


   Skills:
 + Level 1.6 Fighting
 + Level 2.8 Short Blades
 + Level 4.2 Dodging
 + Level 5.9 Stealth
 + Level 4.1 Spellcasting
 + Level 4.7 Hexes


You had 8 spell levels left.
You knew the following spells:

 Your Spells              Type           Power      Damage    Failure   Level
a - Ensorcelled Hibernat  Hex/Ice        20%        N/A       10%         2
b - Confusing Touch       Hex            18%        N/A       7%          3

Your spell library contained the following spells:

 Spells                   Type           Power      Damage    Failure   Level
 Tukima's Dance           Hex            18%        N/A       7%          3
 Summon Small Mammal      Summ           12%        N/A       17%         1
 Dazzling Flash           Conj/Hex       20%        N/A       19%         3
 Summon Guardian Golem    Hex/Summ       10%        N/A       19%         3
 Call Canine Familiar     Summ           3%         N/A       45%         3


Dungeon Overview and Level Annotations

Branches:
Dungeon (3/15)              Sewer (1/1)

Altars:


Innate Abilities, Weirdness & Mutations

You are very small and have problems with some larger weapons.
You are too small for most types of armour.
You have supernaturally acute eyesight. (SInv)
You cover ground extremely quickly. (Speed+++)


Message History

You are poisoned.
You hit the kobold brigand but do no damage.
You feel sick. The kobold misses you. The kobold brigand closely misses you.
The kobold throws a poisoned dart.
The poisoned dart misses you.
You hit the kobold brigand. You burn the kobold brigand.
The kobold brigand is moderately wounded.
You feel sick. The kobold completely misses you.
The kobold brigand closely misses you.
You closely miss the kobold brigand.
The kobold brigand is moderately wounded.
You feel sick.
The kobold hits you with a +3 short sword.
The kobold brigand closely misses you. The kobold hits you but does no damage.
You hit the kobold brigand. You burn the kobold brigand.
The kobold brigand is heavily wounded.
You feel sick.
You hit the kobold brigand but do no damage.
The kobold brigand is heavily wounded.
You feel sick. The kobold misses you. The kobold brigand closely misses you.
The kobold completely misses you.
You hit the kobold brigand. You burn the kobold brigand.
The kobold brigand is severely wounded.
You feel sick.
The kobold hits you with a +3 short sword.
The kobold brigand hits you with a +0 dagger!
The kobold hits you but does no damage.
You are too injured to fight recklessly!
There is a large open door here.
Casting: Ensorcelled Hibernation (safe; 10% risk of failure)
Confirm with . or Enter, or press ? or * to list all spells.
Aiming: Ensorcelled Hibernation (safe; 10% risk of failure)
Press: ? - help, Shift-Dir - straight line, f - kobold brigand
Aim: a kobold brigand, wielding a +0 dagger and quivering poisoned darts (severely wounded, chance to affect: 44%)
You miscast Ensorcelled Hibernation.
You are very lightly contaminated with residual magic.
Nothing appears to happen.
You feel sick.
The kobold hits you with a +3 short sword.
* * * LOW HITPOINT WARNING * * *
The kobold brigand hits you with a +0 dagger!
You die...

#....P.~~~~≈~#......#
##....~~P#~≈~#......#
#.....~~#~~~#~~...P#
#......~#~≈~#~~...##
#.......#~≈~~~P...##
#.....P.#~≈~~~~....#
#.......#~≈~#PP..###
###.....#~≈~#....#
###@'##~~~##)'##
#KKK.#~≈~#..))#
#....#~≈~#....#
#..∩.#~≈~#.∩..#
#....#~≈~#....#
######~≈~######
#~~~'...# #~≈~#.∩∩#
#≈≈≈#...#


You could see a kobold brigand and 2 kobolds.

Vanquished Creatures
  A kobold brigand (Sewer)
  Natasha (thrice) (D:2)
  3 gnolls (D:2)
  4 adders
  A dart slug (D:1)
  5 endoplasms
  7 giant cockroaches
  8 goblins
  4 hobgoblins
  6 jackals
  6 quokkas
  5 ball pythons
  5 bats
  5 frilled lizards
  17 kobolds
  5 rats
85 creatures vanquished.

Notes
Turn   | Place    | Note
-------+----------+-------------------------------------------
     0 | D:1      | koil the Spriggan Enchanter began the quest for the Orb.
     0 | D:1      | Reached XP level 1. HP: 9/9 MP: 5/5
   235 | D:1      | Reached XP level 2. HP: 4/13 MP: 6/6
   238 | D:1      | Learned a level 2 spell: Ensorcelled Hibernation
   847 | D:1      | Reached XP level 3. HP: 14/17 MP: 3/8
   859 | D:1      | Learned a level 3 spell: Confusing Touch
  1175 | D:2      | Noticed Natasha
  1286 | D:2      | Killed Natasha
  1287 | D:2      | Reached skill level 5 in Stealth
  1390 | D:2      | Reached skill level 1 in Fighting
  1483 | D:2      | Reached XP level 4. HP: 21/22 MP: 5/10
  1589 | D:2      | Noticed Natasha
  1604 | D:2      | Killed Natasha
  1879 | D:2      | Reached XP level 5. HP: 25/25 MP: 11/11
  2007 | D:2      | Noticed Natasha
  2011 | D:2      | Killed Natasha
  2590 | D:3      | Found a glowing drain.
  2626 | Sewer    | Entered a sewer
  2681 | Sewer    | Reached XP level 6. HP: 29/30 MP: 13/13
  2958 | Sewer    | Slain by a kobold brigand

Illustrated notes

Levels and vault maps discovered:
D:1:      mrwooster_arrival_statue, layout_loops_ring, nrook_loot_triangle
D:2:      layout_loops_ring, minmay_misc_feat_pillars, st_stairs_12,
          uniq_natasha
D:3:      layout_basic, gup_sewer_entry_glass, uniq_robin
Sewer:    kennysheep_pipe_town

Skill      XL: |  1  2  3  4  5 |
---------------+----------------+-----
Spellcasting   | 3 4 |  4.1
Dodging        | 3 4 |  4.2
Hexes          | 4 |  4.7
Stealth        | 5 |  5.9
Fighting       | 1 |  1.6
Short Blades   | 2 |  2.8

Action                   |  1- 3 |  4- 6 || total
-------------------------+-------+-------++-------
Melee: Dagger            |   151 |   108 ||   259
       Punch             |     1 |     1 ||     2
       Short sword       |       |    21 ||    21
 Cast: Ensorcelled Hiber |    18 |    16 ||    34
 Stab: Sleeping          |    15 |    18 ||    33
       Distracted        |       |     1 ||     1
Armor: Robe              |    18 |    16 ||    34
Dodge: Dodged            |   128 |   110 ||   238

Table legend: (Time is in decaauts)
 A = Elapsed time spent in this place.
 B = Non-inter-level travel time spent in this place.
 C = Inter-level travel time spent in this place.
 D = Time resting spent in this place.
 E = Time spent auto-exploring this place.
 F = Levels seen in this place.
 G = Mean time per level.
                   A        B        C        D        E       F      G
               +--------+--------+--------+--------+--------+-----+--------+
         Total |   2245 |   2213 |     32 |    272 |   1260 |   4 |  561.2 |
       Dungeon |   1955 |   1923 |     32 |    245 |   1078 |   3 |  651.7 |
         Sewer |    290 |    290 |      0 |     27 |    182 |   1 |  290.0 |
               +--------+--------+--------+--------+--------+-----+--------+

Top non-repeatable levels by time:
     D:1: 932 daAuts
     D:2: 705 daAuts
     D:3: 317 daAuts
   Sewer: 290 daAuts
